AoeStats
← ElpeluquerodeCapoch

African Clearing

510358924Analyzed
4v4 RM · 2d ago on Sep 30, 2026· 30m 13s· 8 players
Game mode
Random Map
Map size
Large (8 player)
Population
200
Speed
Normal
Resources
Standard
Victory
Conquest
Starting age
Dark Age
Ending age
Imperial Age
RankedLock teamsTeams togetherTeam positionsShared explorationLock speedFull tech treeHidden civsTurbo modeCheats
Victory
Defeat
🇦🇷 Persians · Argentina
1627
+11
🇦🇷 Mongols · Argentina
1468
+17
🇦🇷 Varangians · Argentina
1453
+18
🇦🇷 Saxons · Argentina
1439
+20
🇺🇾 Mongols · Uruguay
1537
-18
🇨🇳 Koreans · China
1536
-18
🇨🇳 Mongols · China
1496
-16
🇮🇳 Saxons · India
1440
-14
Enlassombras
7:04 Loom
13:03 Feudal Age
17:06 Castle Age
17:26 Town Watch
18:28 Double-Bit Axe
19:36 Bow Saw
20:48 Horse Collar
25:01 Wheelbarrow
26:46 Hand Cart
27:41 Gold Mining
27:54 Heavy Plow
30:52 Imperial Age
29:25 Fletching
29:36 Padded Archer Armor
30:00 Ballistics
29:50 Masonry
ElpeluquerodeCapoch
7:57 Loom
13:35 Feudal Age
13:38 Man-at-Arms
16:24 Arson
17:19 Scale Mail Armor
22:40 Castle Age
25:51 Wheelbarrow
27:09 Town Watch
pastorcito
3:46 Loom
13:42 Feudal Age
17:33 Castle Age
16:21 Fletching
26:48 Bodkin Arrow
30:03 Padded Archer Armor
gabi98bac
3:17 Loom
很蓝的啦
9:38 Loom
12:05 Feudal Age
12:37 Double-Bit Axe
14:57 Horse Collar
18:39 Town Watch
FreakinGorkha
9:31 Loom
11:58 Feudal Age
13:47 Double-Bit Axe
17:08 Wheelbarrow
FMG | Shachath
12:49 Feudal Age
13:53 Double-Bit Axe
16:26 Castle Age
17:15 Fletching
17:36 Bow Saw
17:18 Loom
17:55 Bodkin Arrow
23:30 Horse Collar
25:45 Ballistics
27:38 Gold Mining
28:32 Padded Archer Armor
28:57 Stone Mining
30:24 Wheelbarrow
Hash-
11:33 Loom
13:37 Feudal Age
15:06 Double-Bit Axe
17:44 Castle Age
17:12 Fletching
21:50 Bodkin Arrow
27:23 Wheelbarrow
26:35 Horse Collar
27:44 Ballistics
30:03 Hand Cart
Connection lost

Rejoining the realm…

Still unreachable

The connection could not be restored.

Session expired

The server has moved on; the page needs a fresh start.